 Seeded DCSS version 0.27.1-34-g3ba077fa99 (webtiles) character file.

Game seed: 17438665072932102009 (custom seed)

23 Hubjo the Sneak (level 2, 0/19 HPs)
             Began as a Vampire Enchanter on Feb 5, 2022.
             Frozen to death by an endoplasm (4 damage)
             ... on level 2 of the Dungeon.
             The game lasted 00:01:05 (139 turns).

Hubjo the Sneak (Vampire Enchanter)                  Turns: 139, Time: 00:01:05

Health: 0/19       AC:  2    Str:  7    XL:     2   Next: 72%
Magic:  5/5        EV: 13    Int: 17    God:
Gold:   10         SH:  0    Dex: 14    Spells: 4/5 levels left

rFire    . . .     SeeInvis +   a - +1 dagger
rCold    . . .     Faith    .   (no shield)
rNeg     . . .     Spirit   .   b - +0 robe
rPois    .         Reflect  .   (no helmet)
rElec    .         Harm     .   (no cloak)
rCorr    .         Rampage  .   (no gloves)
Will     .....                  (no boots)
Stlth    +++.......             (no amulet)
HPRegen  0.26/turn              (no ring)
MPRegen  0.09/turn              (no ring)

@: healing quickly
A: alive, fangs 3, see invisible, vampiric 1
a: Exsanguinate


You were on level 2 of the Dungeon.
You visited 1 branch of the dungeon, and saw 2 of its levels.

You collected 10 gold pieces.

Inventory:

Hand Weapons
 a - a +1 dagger (weapon)
Armour
 b - a +0 robe (worn)
Potions
 c - a potion of experience


   Skills:
 * Level 0.1 Fighting
 + Level 1.5(1.7) Short Blades
 + Level 0.8(1.2) Long Blades
 + Level 0.6(1.1) Axes
 + Level 0.5(1.2) Maces & Flails
 + Level 0.6(1.3) Polearms
 + Level 1.3(1.5) Staves
 + Level 0.5(0.8) Slings
 + Level 0.8 Bows
 + Level 0.5 Crossbows
 + Level 0.5(0.8) Throwing
 + Level 0.5 Armour
 + Level 3.4 Dodging
 * Level 4.8 Stealth
 + Level 0.6 Shields
 + Level 0.9 Unarmed Combat
 - Level 2.0 Spellcasting
 + Level 0.4 Conjurations
 + Level 4.8 Hexes
 + Level 0.8 Summonings
 + Level 0.9 Necromancy
 + Level 1.4 Translocations
 + Level 0.9 Transmutations
 + Level 0.5 Fire Magic
 + Level 0.8 Ice Magic
 + Level 0.8 Air Magic
 + Level 0.8 Earth Magic
 + Level 0.6 Poison Magic
 + Level 1.3 Invocations
 + Level 0.6 Evocations


You had 4 spell levels left.
You knew the following spells:

 Your Spells              Type           Power      Damage    Failure   Level
a - Corona                Hex            20%        N/A       2%          1

Your spell library contained the following spells:

 Spells                   Type           Power      Damage    Failure   Level
 Confusing Touch          Hex            18%        N/A       8%          3
 Tukima's Dance           Hex            18%        N/A       8%          3
 Ensorcelled Hibernation  Hex/Ice        22%        N/A       9%          2
 Dazzling Flash           Conj/Hex       20%        N/A       19%         3


Dungeon Overview and Level Annotations

Branches:
Dungeon (2/15)

Altars:


Innate Abilities, Weirdness & Mutations

Your natural rate of healing is accelerated.
You have razor-sharp teeth.
You have supernaturally acute eyesight. (SInv)
You are afflicted with vampirism.


Message History

The jackal barely misses you. x2
You see here a jackal corpse.
You hit the jackal.
The jackal is severely wounded.
The jackal bites you.
* * * LOW HITPOINT WARNING * * *
You closely miss the jackal.
The jackal is severely wounded.
The jackal misses you.
You hit the jackal.
The jackal is almost dead.
The jackal closely misses you. x2
You barely miss the jackal.
The jackal is almost dead.
The jackal closely misses you.
You barely miss the jackal.
The jackal is almost dead.
The endoplasm quivers.
The jackal barely misses you.
You barely miss the jackal.
The jackal is almost dead.
The jackal barely misses you.
The jackal bites you but does no damage.
You hit the jackal but do no damage.
The jackal is almost dead.
The jackal closely misses you.
You hit the jackal.
You kill the jackal!
A goblin comes into view. It is wielding a +0 dagger.
You see here a jackal corpse.
You see here a jackal corpse.
The endoplasm freezes you.
You are frozen.
* * * LOW HITPOINT WARNING * * *
You hit the endoplasm but do no damage.
The endoplasm hits you but does no damage.
You hit the endoplasm but do no damage. The endoplasm freezes you.
You are frozen.
You die...

###### ....#
#..# #.#
##@# ##.J#
#<†## #†##
#.....#
#.......
#.....J...
#..........
............


You could see 2 endoplasms.

Vanquished Creatures
  A dart slug (D:1)
  2 jackals (D:2)
  2 bats (D:1)
  A rat (D:1)
6 creatures vanquished.

Notes
Turn   | Place    | Note
-------+----------+-------------------------------------------
     0 | D:1      | Hubjo the Vampire Enchanter began the quest for the Orb.
     0 | D:1      | Reached XP level 1. HP: 13/13 MP: 3/3
    67 | D:1      | Reached skill level 1 in Staves
    67 | D:1      | Reached skill level 1 in Translocations
    67 | D:1      | Reached skill level 1 in Invocations
    67 | D:1      | Reached XP level 2. HP: 5/19 MP: 5/5
   139 | D:2      | Frozen to death by an endoplasm

Illustrated notes

Levels and vault maps discovered:
D:1:      matt_arrival_los_fun, layout_basic, serial_shops,
          nicolae_shop_overgrown_old_shop
D:2:      layout_rooms, shapermc_ecumenical_altar_venn, minmay_tall_x

Skill      XL: |  1 |
---------------+----+-----
Staves         | 1 |  1.3
Dodging        | 3 |  3.4
Translocations | 1 |  1.4
Invocations    | 1 |  1.3
Fighting       | |  0.1
Short Blades   | |  1.5
Long Blades    | |  0.8
Axes           | |  0.6
Maces & Flails | |  0.5
Polearms       | |  0.6
Slings         | |  0.5
Bows           | |  0.8
Crossbows      | |  0.5
Throwing       | |  0.5
Armour         | |  0.5
Stealth        | |  4.8
Shields        | |  0.6
Unarmed Combat | |  0.9
Spellcasting   | |  2.0
Conjurations   | |  0.4
Hexes          | |  4.8
Summonings     | |  0.8
Necromancy     | |  0.9
Transmutations | |  0.9
Fire Magic     | |  0.5
Ice Magic      | |  0.8
Air Magic      | |  0.8
Earth Magic    | |  0.8
Poison Magic   | |  0.6
Evocations     | |  0.6

Action                   || total
-------------------------++-------
Melee: Dagger            ||    32
       Bite              ||     3
  Use: Potion            ||     1
 Stab: Sleeping          ||     2
Armor: Robe              ||     7
Dodge: Dodged            ||    29
